 Dungeon Crawl Stone Soup version 0.28-a0-1555-g9ae15a6949 (webtiles) character file.

Game seed: 14156350360588445098

450 hashsling the Skirmisher (level 7, -3/44 HPs)
             Began as a Tengu Wanderer on Jan 18, 2022.
             Slain by an ogre (20 damage)
             ... on level 4 of the Dungeon.
             The game lasted 00:06:46 (4032 turns).

hashsling the Skirmisher (Tengu Wanderer)           Turns: 4032, Time: 00:06:48

Health: -3/44      AC:  3    Str: 12    XL:     7   Next: 4%
Magic:  8/8        EV: 16    Int:  7    God:
Gold:   127        SH:  0    Dex: 19    Spells: 6/6 levels left

rFire   . . .      SeeInvis .   a - +3 dagger
rCold   + . .      Faith    .   (no shield)
rNeg    . . .      Spirit   .   y - +1 robe of Ywaotz {rC+ Will++ Int-2 Slay+3}
rPois   .          Reflect  .   (helmet restricted)
rElec   .          Harm     .   g - scarf {shadows}
rCorr   .          Rampage  .   (no gloves)
Will    ++...                   (boots unavailable)
Stlth   +++.......              (no amulet)
HPRegen 0.14/turn               (no ring)
MPRegen 0.11/turn               (no ring)

@: flying quickly and evasively, quick
A: beak, talons 3, nimble flight
a: no special abilities


You were on level 4 of the Dungeon.
You visited 1 branch of the dungeon, and saw 4 of its levels.

You collected 127 gold pieces.

Inventory:

Hand Weapons
 a - a +3 dagger (weapon)
 c - a +0 hunting sling
Missiles
 d - 53 sling bullets
 i - 68 stones (quivered)
 j - 12 poisoned darts
 k - 59 bolts
 n - 21 arrows
Armour
 g - a scarf of shadows (worn)
 y - the +1 robe of Ywaotz (worn) {rC+ Will++ Int-2 Slay+3}
   (You found it on level 4 of the Dungeon)

   Int:       It affects your intelligence (-2).
   Slay:      It affects your accuracy & damage with ranged weapons and melee
   (+3).
   rC:        It protects you from cold.
   Will:      It greatly increases your willpower.
Magical Staves
 f - a staff of poison
Wands
 r - a wand of flame (10)
Scrolls
 m - 2 scrolls of teleportation {unknown}
 o - 5 scrolls of vulnerability {unknown}
 p - 3 scrolls of identify {unknown}
 q - 2 scrolls of immolation {unknown}
 s - a scroll of blinking {unknown}
 t - a scroll of brand weapon {unknown}
 u - 2 scrolls of enchant weapon {unknown}
 v - 2 scrolls of fog {unknown}
 w - a scroll of magic mapping {unknown}
Potions
 h - a potion of brilliance {unknown}
 l - a potion of degeneration {unknown}
 x - a potion of curing {unknown}


   Skills:
 + Level 5.4 Fighting
 + Level 3.3 Short Blades
 - Level 1.0(2.6) Slings
 - Level 4.0 Throwing
 * Level 3.8 Dodging
 + Level 3.6 Stealth


You had 6 spell levels left.
You didn't know any spells.
Your spell library was empty.

Dungeon Overview and Level Annotations

Branches:
Dungeon (4/15)
 Temple: D:4-7

Altars:
Ashenzari
Cheibriados
Uskayaw


Innate Abilities, Weirdness & Mutations

You have a beak for a mouth.
You have claws for feet.
Your magical nature lets you fly swiftly and evasively.


Message History

The bullfrog is heavily wounded.
The bullfrog misses you. The bullfrog hits you.
You miss the bullfrog. Your kick misses the bullfrog.
You peck the bullfrog, but do no damage.
The bullfrog is heavily wounded.
The phantom hits you.
The phantom blinks!
You blink.
You hit the bullfrog. Your kick misses the bullfrog. You peck the bullfrog.
You kill the bullfrog!
The phantom misses you. The ogre closely misses you.
Things that are here:
a +0 hand axe; a +0 leather armour; an orc corpse Throw: 69 stones
Press: ? - help, Q - select action, (/) - cycle Shift-Dir - straight line, f - giant cockroach
Aim: a giant cockroach (68% to hit)
You throw a stone. The stone hits the phantom.
The phantom is lightly damaged.
You hit the phantom. You claw the phantom.
The phantom is moderately damaged.
The phantom completely misses you.
You hit the phantom but do no damage. Your peck misses the phantom.
The phantom is moderately damaged.
The phantom hits you.
You hit the phantom. You claw the phantom!
The phantom is severely damaged.
The ogre hits you with a +0 giant spiked club!
You barely miss the phantom. You claw the phantom. You peck the phantom.
You destroy the phantom!
The giant cockroach completely misses you.
You have reached level 7!
A kobold comes into view. It is wielding a +0 short sword.
You hit the ogre. You claw the ogre! You punch the ogre.
The ogre is heavily wounded.
The ogre misses you.
You puncture the ogre! You claw the ogre.
The ogre is almost dead.
You completely miss the ogre.
The ogre is almost dead.
The ogre hits you with a +0 giant spiked club!!
You die...

.........#.....<.....# #.#
8.....8..#.##############.#######
........##.# ####..........
..8.8...##.# #.........####
........##.# #.##.#......##
#.#.######.# #.##.####..... #...#
#.# #.##.# ###.## #.###
#.#########.##.# ##.## #[#
#......@OB..##.#####.#.. ..#
##########..##......#.## ###
#.B.#######.#### #..## #.# #..#
#.# #.)# #.# #.(# #.#
##################..########.####
.................)......##.......


You could see an ogre and a giant cockroach.

Vanquished Creatures
  2 phantoms
  A bullfrog (D:4)
  A scorpion (D:4)
  A jelly (D:4)
  Jessica (D:2)
  An iguana (D:4)
  4 adders
  A worm (D:2)
  3 orcs (D:4)
  3 endoplasms
  5 giant cockroaches
  7 goblins
  5 hobgoblins
  A jackal (D:2)
  6 kobolds
  A quokka (D:2)
  6 ball pythons
  4 bats
  3 frilled lizards
  8 rats
64 creatures vanquished.

Vanquished Creatures (others)
  2 fungi (D:2)
  3 plants (D:2)
5 creatures vanquished.

Grand Total: 69 creatures vanquished

Notes
Turn   | Place    | Note
-------+----------+-------------------------------------------
     0 | D:1      | hashsling the Tengu Wanderer began the quest for the Orb.
     0 | D:1      | hashsling set off with the following items: a +3 dagger, 3
                  | curare-tipped darts, a +0 hunting sling, 16 sling bullets,
                  | a +0 leather armour
     0 | D:1      | Reached XP level 1. HP: 15/15 MP: 2/2
   483 | D:1      | Reached XP level 2. HP: 14/20 MP: 3/3
  1211 | D:2      | Reached skill level 1 in Short Blades
  1211 | D:2      | Reached skill level 1 in Dodging
  1211 | D:2      | Reached XP level 3. HP: 24/24 MP: 4/4
  1310 | D:2      | Noticed Jessica
  1319 | D:2      | Killed Jessica
  1545 | D:2      | Found a faded altar of an unknown god.
  1650 | D:2      | Reached XP level 4. HP: 23/30 MP: 5/5
  3036 | D:3      | Noticed a phantom
  3045 | D:3      | Killed a phantom
  3046 | D:3      | Gained mutation: Your magical nature lets you fly swiftly
                  | and evasively. [Tengu growth]
  3046 | D:3      | Reached XP level 5. HP: 19/34 MP: 6/6
  3227 | D:3      | Reached skill level 5 in Fighting
  3405 | D:3      | Found a broken altar of Ashenzari.
  3405 | D:3      | Found a snail-covered altar of Cheibriados.
  3451 | D:4      | Reached XP level 6. HP: 16/40 MP: 7/7
  3744 | D:4      | Found a hide-covered altar of Uskayaw.
  3761 | D:4      | Identified the +1 robe of Ywaotz {rC+ Will++ Int-2 Slay+3}
  4024 | D:4      | Reached XP level 7. HP: 16/44 MP: 8/8
  4032 | D:4      | Slain by an ogre

Illustrated notes

Levels and vault maps discovered:
D:1:      dpeg_arrival_rooms_with_view, layout_basic, serial_aquarium,
          aquarium_bridge_straight [aquarium_subvault_bridge,
          aquarium_subvault_window, aquarium_subvault_bridge,
          aquarium_subvault_wall], aquarium_bridge_square
          [aquarium_subvault_bridge, aquarium_subvault_wall,
          aquarium_subvault_wall, aquarium_subvault_bridge],
          aquarium_window_corridor_1, aquarium_window_1, aquarium_window_fake,
          aquarium_view_2g, aquarium_view_2a, aquarium_pool_double, st_stairs_7,
          hex_intersection
D:2:      minmay_angry_zag, layout_loops_corners,
          shapermc_ecumenical_altar_ellora, kennysheep_decorative_pillar,
          minmay_splitting_lines, uniq_jessica
D:3:      layout_basic, gammafunk_temple_overflow_statue, minmay_quadrilaterals
D:4:      layout_loops_ring, nicolae_uskayaw_dance_hall, minmay_close_crescents

Skill      XL: |  1  2  3  4  5  6 |
---------------+-------------------+-----
Short Blades   | 1 2 3 |  3.3
Dodging        | 1 2 3 |  3.8
Stealth        | 2 3 |  3.6
Fighting       | 5 |  5.4
Slings         | |  1.0
Throwing       | |  4.0

Action                   |  1- 3 |  4- 6 |  7- 9 || total
-------------------------+-------+-------+-------++-------
Melee: Dagger            |    56 |    84 |     3 ||   143
       Peck              |     7 |    11 |       ||    18
       Kick              |    16 |    25 |     2 ||    43
       Punch             |       |       |     1 ||     1
Throw: Dart              |       |     5 |       ||     5
       Stone             |       |     1 |       ||     1
 Stab: Sleeping          |     3 |     7 |       ||    10
Armor: Leather armour    |     9 |     4 |       ||    13
Dodge: Dodged            |    28 |    40 |     1 ||    69

Table legend: (Time is in decaauts)
 A = Elapsed time spent in this place.
 B = Non-inter-level travel time spent in this place.
 C = Inter-level travel time spent in this place.
 D = Time resting spent in this place.
 E = Time spent auto-exploring this place.
 F = Levels seen in this place.
 G = Mean time per level.
                   A        B        C        D        E       F      G
               +--------+--------+--------+--------+--------+-----+--------+
         Total |   3978 |   3894 |     84 |    111 |   3297 |   4 |  994.5 |
       Dungeon |   3978 |   3894 |     84 |    111 |   3297 |   4 |  994.5 |
               +--------+--------+--------+--------+--------+-----+--------+

Top non-repeatable levels by time:
     D:2: 1394 daAuts
     D:1: 1205 daAuts
     D:3: 808 daAuts
     D:4: 570 daAuts
